 Dungeon Crawl Stone Soup version 0.19.5 (webtiles) character file.

69 snowfan the Sneak (level 4, 0/30 HPs)
             Began as an Octopode Assassin on Apr 10, 2017.
             Was an Initiate of Ashenzari.
             Slain by ShaSha's ghost (1 damage)
             ... on level 3 of the Dungeon.
             The game lasted 00:11:18 (1859 turns).

snowfan the Sneak (Octopode Assassin)               Turns: 1859, Time: 00:11:21

Health: 0/30       AC:  1    Str: 10    XL:     4   Next: 20%
Magic:  4/4        EV: 13    Int: 13    God:    Ashenzari [......]
Gold:   133        SH:  3    Dex: 14    Spells: 0 memorised, 3 levels left

rFire  . . .     SeeInvis .     a - +3 dagger
rCold  . . .     Gourm    .     (no shield)
rNeg   . . .     Faith    .     (helmet restricted)
rPois  .         Spirit   .     e - +3 amulet of reflection
rElec  .         Reflect  +     r - ring of flight
rCorr  .         Harm     .     (no ring)
MR     .....                    (no ring)
Stlth  ++++......               (no ring)
                                (no ring)
                                (no ring)
                                (no ring)
                                (no ring)

@: lethally poisoned (0 -> -11)
A: almost no armour, stealthy swim, amphibious, 8 rings, constrict 8, camouflage
1, gelatinous body 1
a: Curse Item, Renounce Religion, Evoke Flight


You were on level 3 of the Dungeon.
You worshipped Ashenzari.
Ashenzari was noncommittal.
You were not hungry.

You visited 1 branch of the dungeon, and saw 3 of its levels.

You collected 133 gold pieces.

Inventory:

Hand Weapons
 a - a +3 dagger (weapon)
 b - a +0 blowgun
Missiles
 c - 17 poisoned needles
 d - 2 curare-tipped needles
Jewellery
 e - a +3 amulet of reflection (around mantle)
 r - a ring of flight (left tentacle)
Scrolls
 g - 3 scrolls of identify {unknown}
 k - 2 scrolls of noise {unknown}
 n - 5 scrolls of remove curse
 q - a scroll of recharging {unknown}
Comestibles
 f - a bread ration
 i - 2 fruits
 l - 2 beef jerkies
 o - a meat ration
 s - a slice of pizza


   Skills:
 + Level 2.4 Fighting
 + Level 2.3 Short Blades
 + Level 2.2 Throwing
 * Level 2.0 Dodging
 * Level 6.4 Stealth
 + Level 0.0 Evocations


You had 3 spell levels left.
You didn't know any spells.

Dungeon Overview and Level Annotations

Branches:
Dungeon (3/15)

Altars:
Ashenzari
Makhleb

Annotations:
D:3 ShaSha's ghost, amateur KoHu


Innate Abilities, Weirdness & Mutations

You cannot wear most types of armour.
You are very stealthy in the water. (Stealth+)
You are amphibious.
You can wear up to eight rings at the same time.
You can use your tentacles to constrict eight enemies at once.
Your skin changes colour to match your surroundings (Stealth+).
Your rubbery body absorbs attacks. (AC +1, EV +1)


Message History

* * * LOW HITPOINT WARNING * * *
You are more poisoned.
* * * LOW HITPOINT WARNING * * *
You feel sick.
* * * LOW HITPOINT WARNING * * *
You feel sick.
* * * LOW HITPOINT WARNING * * *
You feel sick.
* * * LOW HITPOINT WARNING * * *
You feel sick.
You aren't carrying any potions.
You aren't carrying any potions.
As you read the scroll labeled SUMOHO EKIXILI, it crumbles to dust.
The creatures around you are filled with an inner flame!
It was a scroll of immolation.
* * * LOW HITPOINT WARNING * * *
You feel sick.
ShaSha's ghost wails, "What do you have that I didn't have?"
ShaSha's ghost hits you.
You die...

#..........<#######.##.
####.#)####.o##........
.............o......####
######..########..###
#..# ##..## #..# #.o##
#..# #o## .#.# #W# .#.#
#@# #.# ... ##.## ...
... ... .....


You could see ShaSha's ghost (inner flame) and 2 orcs.

Vanquished Creatures
  A worm (D:3)
  3 dart slugs
  A leopard gecko (D:2)
  An orc (D:3)
  8 bats
  2 giant cockroaches (D:2)
  A goblin (D:2)
  8 hobgoblins
  6 jackals (D:2)
  9 kobolds
  A quokka (D:2)
  3 ball pythons
  3 frilled lizards
  10 rats
57 creatures vanquished.

Notes
Turn   | Place    | Note
-------+----------+-------------------------------------------
     0 | D:1      | snowfan the Octopode Assassin began the quest for the Orb.
     0 | D:1      | Reached XP level 1. HP: 14/14 MP: 1/1
   302 | D:1      | Reached XP level 2. HP: 18/19 MP: 2/2
   455 | D:1      | Reached skill level 6 in Stealth
   674 | D:1      | Reached XP level 3. HP: 24/24 MP: 3/3
  1069 | D:2      | Found a burning altar of Makhleb.
  1480 | D:3      | Found a shattered altar of Ashenzari.
  1482 | D:3      | Reached XP level 4. HP: 26/29 MP: 4/4
  1495 | D:3      | Became a worshipper of Ashenzari the Shackled
  1527 | D:3      | Noticed ShaSha's ghost (amateur KoHu)
  1859 | D:3      | HP: 1/30 [poisoned by ShaSha's ghost]
  1859 | D:3      | Slain by ShaSha's ghost

Skill      XL: |  1  2  3  4 |
---------------+-------------+-----
Stealth        | 6 |  6.4
Dodging        | 2 |  2.0
Fighting       | |  2.4
Short Blades   | |  2.3
Throwing       | |  2.2

Action                   |  1- 3 |  4- 6 || total
-------------------------+-------+-------++-------
Melee: Dagger            |    86 |    30 ||   116
       Constrict         |    18 |     2 ||    20
       Tentacles         |     8 |     2 ||    10
 Fire: Blowgun           |     6 |     7 ||    13
  Use: Scroll            |       |     2 ||     2
       Potion            |       |     1 ||     1
 Stab: Sleeping          |    15 |     1 ||    16
  Eat: Chunk             |     2 |     1 ||     3
Armor: Skin              |     3 |    11 ||    14
Dodge: Dodged            |    48 |    14 ||    62
Block: Other             |     9 |     3 ||    12
       Reflection        |       |     1 ||     1
